[Event "GrandPrix_29.05"]
[Site "Chess.com"]
[Date "2020.05.29"]
[Round "3"]
[White "CherepZhenya"]
[Black "Shahinyan_ChessMood"]
[Result "0-1"]
[WhiteElo "2147"]
[BlackElo "2216"]
[TimeControl "600+2"]
[EndTime "10:29:07 PDT"]
[Termination "Shahinyan_ChessMood won by checkmate"]

1. e4 e6 2. d4 d5 3. Nc3 Bb4 4.
e5 c5 5. a3 Bxc3+ 6. bxc3 Qc7 7.
Nf3 Ne7 8. a4 b6 9. Bb5+ Bd7 10.
O-O O-O 11. Bd3 h6 12. a5 c4 13. axb6 Qxb6 14. Be2 Nbc6 15. Ba3 f6 16. exf6 Rxf6 17. Bc5 Qc7 18. Qc1 Ng6 19. Re1 a5 20. Qe3 a4 21.
g3 Nce7 22. Bf1 Nf5 23. Qe2 Nd6 24. Nd2 Nb5 25. Qe3 Ra6 26. f4 Nh8 27. Nf3 Be8 28. Ne5 Nf7 29. Bh3 Nxe5 30. fxe5 Rf7 31. Rf1 a3 32. Rfb1 Qa5 33. Bb4 Qd8 34. Bc5 Qg5 35. Qxg5 hxg5 36. Bb4 Rf3 37. Bg4 Rxc3 38. Bxc3 Nxc3 39.
Rb8 Kf7 40. Bh5+ g6 41. Bxg6+ Kxg6 42. Rxe8 Ne2+ 43. Kf2 Nxd4 44. Ra2 Kf5 45. h4 gxh4 46. gxh4 Kxe5 47. h5 Nb5 48. h6 Ra7 49. Rb8 Nd4 50. c3 Nf5 51. Rxa3 Rh7 52. Ra6 Rxh6 53. Re8 Nd6 54.
Rg8 Ne4+ 55. Ke3 Rh3+ 56. Ke2 Nxc3+ 57. Kd2 Ne4+ 58. Kc2 Rh2+ 59. Kc1 c3 60. Rg6 Kd4 61. Rgxe6 Kd3 62. Kb1 Nd2+ 63. Ka1 Nb3+ 64. Kb1 Rb2# 0-1

[Event "GrandPrix_29.05"]
[Site "Chess.com"]
[Date "2020.05.29"]
[Round "3"]
[White "Meizon19"]
[Black "monalize"]
[Result "1-0"]
[WhiteElo "2252"]
[BlackElo "1997"]
[TimeControl "600+2"]
[EndTime "10:29:09 PDT"]
[Termination "Meizon19 won by resignation"]

1. e4 c5 2. Nf3 d6 3. d4 cxd4 4. Nxd4 Nf6 5. Nc3 a6 6. f3 e6 7. Be3 h5 8. Qd2 b5 9. a4 b4 10. Na2 d5 11. e5 Nfd7 12. f4 Nc5 13. Bd3 Nxd3+ 14. cxd3 a5 15. O-O g6 16. Nc1 Be7 17.
Ncb3 Bd7 18. Rfc1 O-O 19. Nc5 Kh7 20. Nb7 Qe8 21. b3 f6 22. exf6 Bxf6 23. Rc2 Qe7 24. Re1 Rc8 25. Qc1 Na6 26. Nxa5 Rxc2 27. Qxc2 Rc8 28.
Qe2 Qd8 29. Nc4 dxc4 30. dxc4 Nc5 31. Qc2 Qf8 32. Rd1 Bg7 33. Nf3 Bf6 34. Kh1 Bc6 35.
Nd4 Be4 36. Qe2 Rd8 37. Bf2 Qd6 38. Qe3 Bf5 39. a5 Ne4 40. Bg1 Nc3 41. Rd2 Ne4 42. Rd1 Qa6 43. h3 h4 44. Kh2 Qxa5 45.
Nc6 Qa8 46. Nxd8 Bxd8 47. Rd7+ Kg8 48. Qd4 Bf6 49. Qb6 Qc8 50. Rb7 Bd8 51. Rb8 Bxb6 52.
Rxc8+ Kf7 53. Bxb6 Nd2 54. Bc5 Nxb3 55. Bxb4 Nd4 56. c5 Be4 57. Bc3 Nc6 58. Be1 Ne7 59. Rc7 Ke8 60. Bxh4 Nf5 61. Bf6 Bd5 62. g4 Ne3 63.
Rc8+ Kd7 64. Rg8 Be4 65. Be5 Kc6 66. Rc8+ Kb5 67. Kg3 Nf1+ 68. Kh4 Nd2 69. Kg5 Nf3+ 70. Kf6 Ng1 71. h4 Nf3 72. h5 gxh5 73. gxh5 Nh2 74.
h6 Bf5 75. c6 Ng4+ 76. Kg7 1-0

[Event "GrandPrix_29.05"]
[Site "Chess.com"]
[Date "2020.05.29"]
[Round "3"]
[White "vladislavkovalev"]
[Black "Todorovic1991"]
[Result "1-0"]
[WhiteElo "2680"]
[BlackElo "1751"]
[TimeControl "600+2"]
[EndTime "10:29:16 PDT"]
[Termination "vladislavkovalev won on time"]

1. e4 e5 2. Nf3 Nc6 3. Bb5 Nf6 4. O-O d6 5. d4 Bd7 6. Re1 Be7 7. c4 exd4 8. Bxc6 bxc6 9. Nxd4 O-O 10. Nc3 Re8 11. b3 Bf8 12. Bg5 h6 13. Bh4 Be7 14. Qf3 Nh7 15.
Bxe7 Qxe7 16. Qg3 Qg5 17. Rad1 Qxg3 18. hxg3 Nf6 19. f3 h5 20. Kf2 g6 21. Nc2 c5 22. Ne3 Bc6 23. Rd3 Rab8 24. Rb1 Rb6 25.
Ke2 Reb8 26. Ned1 Kg7 27. Kd2 a6 28. Kc2 Nd7 29. Ne3 Nf6 30. Rdd1 Kf8 31. Re1 Kg7 32. Ned1 Re8 33. Nf2 Nd7 34. Nd3 Ne5 35. Nf4 Rb7 36. Nfd5 Nd7 37. Re3 Bxd5 38. Nxd5 Nb6 39. Nc3 Rbb8 40.
Rd1 Re6 41. Ne2 Rbe8 42. Nf4 R6e7 43. Red3 Re5 44. R3d2 Kf6 45. Rh1 Kg7 46. Rh2 f5 47. exf5 Rxf5 48. Rh1 Re3 49. Re2 Rfe5 50. Rxe3 Rxe3 51.
Kd2 Re7 52. Re1 Rxe1 53. Kxe1 Kf6 54. Ke2 Kf5 55. Ke3 c6 56. Nd3 a5 57. Nf2 d5 58. cxd5 cxd5 59. Nd3 Nd7 60. Nf2 Ke5 61. g4 d4+ 62. Kd3 h4 63. Nh3 1-0

[Event "GrandPrix_29.05"]
[Site "Chess.com"]
[Date "2020.05.29"]
[Round "3"]
[White "MikaelyanArman1996"]
[Black "BakuTurk"]
[Result "1/2-1/2"]
[WhiteElo "2399"]
[BlackElo "2291"]
[TimeControl "600+2"]
[EndTime "10:29:37 PDT"]
[Termination "Game drawn by repetition"]

1. d4 Nf6 2. c4 e6 3. Nf3 Bb4+ 4.
Bd2 Qe7 5. Nc3 Nc6 6. g3 d6 7. Bg2 Bxc3 8. Bxc3 Ne4 9. Rc1 O-O 10. O-O Nxc3 11.
Rxc3 e5 12. d5 Nb8 13. Nd2 a5 14. b3 Na6 15. a3 f5 16. Qb1 Bd7 17. b4 e4 18.
Rfc1 Qe5 19. e3 axb4 20. axb4 c5 21. dxc6 bxc6 22. Bf1 c5 23. b5 Nb4 24. Rb3 Ra4 25. Qb2 Qxb2 26. Rxb2 Rfa8 27. Nb1 Ra1 28. Rd1 Kf7 29.
Rxd6 Ke7 30. Rbd2 Be6 31. Nc3 Bxc4 32. Rd7+ Ke8 33. Rd1 Rxd1 34. Rxd1 Nd3 35. b6 Rb8 36. f3 Rxb6 37. fxe4 Nb2 38. Bxc4 Nxc4 39. exf5 Rb3 40.
Nd5 Rb2 41. Rc1 Ne5 42. Rxc5 Nf3+ 43. Kf1 Rd2 44. Rc8+ Kd7 45. Nb6+ Ke7 46. Rc7+ Kf6 47. Rc6+ Kxf5 48. Rc4 Nxh2+ 49. Ke1 Nf3+ 50. Kf1 g5 51. Nc8 Rd8 52. Ne7+ Ke6 53. Nc6 Nd2+ 54. Ke2 Nxc4 55. Nxd8+ Kf5 56. Nc6 Kg4 57. Kf2 h5 58. e4 Nd2 59.
Ne5+ Kh3 60. Ke3 Nxe4 61. Kxe4 Kxg3 62. Nf7 g4 63. Nh6 h4 64. Nf5+ Kh3 65. Kf4 g3 66. Nd4 Kg2 67. Nf3 h3 68. Ne1+ Kf2 69.
Nd3+ Kg2 70. Ne1+ Kh2 71. Nf3+ Kg2 72. Ne1+ 1/2-1/2

[Event "GrandPrix_29.05"]
[Site "Chess.com"]
[Date "2020.05.29"]
[Round "3"]
[White "Zubrrr"]
[Black "tacticthunder"]
[Result "1-0"]
[WhiteElo "2595"]
[BlackElo "2185"]
[TimeControl "600+2"]
[EndTime "10:29:37 PDT"]
[Termination "Zubrrr won on time"]

1. c4 e6 2. g3 d5 3. Bg2 Nf6 4.
Nf3 d4 5. O-O c5 6. e3 Nc6 7. exd4 cxd4 8. Re1 a5 9. d3 Bb4 10.
Re2 h6 11. Na3 O-O 12. Nb5 Bc5 13. Bf4 Bd7 14. Rc1 Nh5 15. Bd6 Bxd6 16. Nxd6 Qc7 17. c5 Nf6 18. Nb5 Qb8 19. Nfxd4 Nxd4 20. Nxd4 Rd8 21. Qe1 Qc7 22. Qc3 Rac8 23. h3 Be8 24. Nf3 Bc6 25. d4 a4 26. Ne5 Bxg2 27. Kxg2 Rd5 28.
Qb4 Ra8 29. Rc4 Nd7 30. Nf3 Nb8 31. Re4 Nc6 32. Qe1 a3 33. b4 b5 34. cxb6 Qxb6 35.
Qc3 Ne7 36. Rc7 Nf5 37. Re5 Rdd8 38. Rec5 Nd6 39. R5c6 Qb5 40. Ne5 f6 41. Ng4 Qd5+ 42. Qf3 Qxf3+ 43. Kxf3 Nb5 44. Ke3 Nxc7 45. Rxc7 Rdc8 46.
Rxc8+ Rxc8 47. Kd3 Rc1 48. Ne3 Ra1 49. Nc2 Rxa2 50.
Kc3 Kf7 51. Kb3 Rb2+ 52. Kc3 Ke7 53. f4 Kd7 54. g4 g5 55. fxg5 hxg5 56. Nxa3 Rh2 57.
Nc4 Rxh3+ 58. Kd2 Rg3 59. Ne3 Kc6 60. Ke2 Kb5 61. Kf2 Rh3 62. d5 e5 63. d6 Kxb4 64. Nd5+ Kc5 65. d7 Kd6 66. d8=Q+ 1-0

[Event "GrandPrix_29.05"]
[Site "Chess.com"]
[Date "2020.05.29"]
[Round "3"]
[White "Flawless_Fighter"]
[Black "viktorskliarov"]
[Result "1-0"]
[WhiteElo "2210"]
[BlackElo "2174"]
[TimeControl "600+2"]
[EndTime "10:29:37 PDT"]
[Termination "Flawless_Fighter won by resignation"]

1. e4 c5 2. Nf3 Nc6 3. Bb5 e6 4.
Bxc6 bxc6 5. Qe2 Ne7 6. h4 h5 7. b3 Ng6 8. Bb2 f6 9. e5 Be7 10. Qe4 f5 11. Qe2 a5 12. a4 Ba6 13. d3 Nf4 14. Qf1 Rb8 15. Nbd2 Kf7 16. g3 Nd5 17. Qe2 g6 18. Nc4 Kg7 19. Qd2 Rf8 20. Qxa5 Qxa5+ 21. Nxa5 f4 22. Nd2 fxg3 23. fxg3 Ne3 24. Rc1 Bd8 25.
Nac4 Bxc4 26. Nxc4 Nf5 27. Kf2 g5 28. Kg2 Kg6 29.
hxg5 Bxg5 30. Rce1 Ne7 31. Ref1 Rg8 32. a5 Nd5 33. Kh3 Nb4 34. Rf2 Ra8 35. Bc3 Bd8 36. Bxb4 cxb4 37. Ra1 Ra6 38. Ra4 c5 39. Rf4 Bc7 40.
d4 cxd4 41. Rxd4 Rg7 42. Rxb4 Kf5 43. Rb7 Bxa5 44. Rbxd7 Rxd7 45. Rxd7 Be1 46. Rf7+ Ke4 47. Rh7 Ra2 48. Rxh5 Rxc2 49. Nd6+ Kd5 50. Nf7 Rc3 51. Rg5 Rxb3 52. Kh4 Bd2 53. Rg6 Bc3 54. Rg5 Rb1 55.
Kh5 Re1 56. g4 Bd2 57. Rg8 Rf1 58. Rd8+ Ke4 59. Nd6+ Kf3 60. g5 Rh1+ 61. Kg6 Rg1 62. Nf7 Bxg5 63. Nxg5+ Kf4 64. Kf6 Rxg5 65. Rd4+ Ke3 66.
Ra4 Rh5 67. Kxe6 Rh6+ 68. Kf5 Rh8 69. e6 Rf8+ 70. Kg6 1-0

[Event "GrandPrix_29.05"]
[Site "Chess.com"]
[Date "2020.05.29"]
[Round "3"]
[White "Msb2"]
[Black "sergoy"]
[Result "1-0"]
[WhiteElo "2542"]
[BlackElo "2393"]
[TimeControl "600+2"]
[EndTime "10:29:38 PDT"]
[Termination "Msb2 won on time"]

1. d4 Nf6 2. c4 e6 3. Nc3 Bb4 4. e3 O-O 5. Bd2 d5 6. Nf3 b6 7.
cxd5 exd5 8. Bd3 Bb7 9. O-O Nbd7 10. Rc1 a6 11. Ne5 Bd6 12. f4 c5 13. Qf3 b5 14. Qh3 Nb6 15. dxc5 Bxc5 16. Nxb5 axb5 17. Rxc5 Rxa2 18. Ng4 Nbd7 19. Bc3 h5 20. Nxf6+ Nxf6 21. Qg3 b4 22. Bd4 Ba6 23. Rc6 h4 24. Qg5 Bxd3 25.
Bxf6 Qxf6 26. Rxf6 Bxf1 27. Rg6 fxg6 28. Qxd5+ Kh7 29.
Qxa2 Bb5 30. Qd5 Rf5 31. Qd6 b3 32. g4 hxg3 33. hxg3 Be2 34. Kf2 Bg4 35. e4 Rh5 36. Kg2 Ra5 37. Qd8 Rh5 38. Qd3 Bh3+ 39. Kf3 Be6 40. Qd6 Bc4 41. Qc6 Bd3 42. e5 Rh2 43.
Qc3 Be2+ 44. Ke4 Bd1 45. e6 Rc2 46. Qd4 Bg4 47. Kd5 Re2 48. Qb6 Rxb2 49. e7 Re2 50. Kd4 b2 51. Qxb2 Rxb2 52. e8=Q Rd2+ 53. Kc3 Rd5 54.
Qe1 Rh5 55. Kc4 Rh2 56. Kd4 Kh6 57. Qa1 Rd2+ 58. Kc5 Rh2 59. Kd6 Kh7 60. Ke7 Rd2 61. Qh1+ Kg8 62. Qa8+ Kh7 63. Kf8 Bh5 64. Qh1 Rd8+ 65.
Ke7 Rd4 66. g4 Rxf4 67. gxh5 g5 68. Qb1+ Kh8 69. Qg6 g4 70. h6 1-0

[Event "GrandPrix_29.05"]
[Site "Chess.com"]
[Date "2020.05.29"]
[Round "3"]
[White "Yaroslav_Remizov"]
[Black "RogerFederer13"]
[Result "0-1"]
[WhiteElo "2137"]
[BlackElo "2109"]
[TimeControl "600+2"]
[EndTime "10:29:44 PDT"]
[Termination "RogerFederer13 won by resignation"]

1. e4 c6 2. d4 d5 3. Nc3 dxe4 4. Nxe4 Bf5 5. Ng3 Bg6 6. Bc4 e6 7. N1e2 Nf6 8. O-O Be7 9. f4 O-O 10. f5 exf5 11. Nxf5 Nbd7 12. Neg3 Re8 13. Bg5 Bf8 14. Qf3 Qb6 15. h4 Ne5 16. Qb3 Nxc4 17. Qxc4 Nd5 18. h5 Bxf5 19. Rxf5 g6 20. Rf3 Bg7 21. c3 Qb5 22.
Qxb5 cxb5 23. Raf1 f5 24. h6 Bf8 25. Nxf5 gxf5 26.
Rxf5 Ne3 27. Rxf8+ Rxf8 28. Bxe3 Rxf1+ 29. Kxf1 Kf7 30. g4 Ke6 31. Ke2 Kd5 32. Kd3 a5 33. b3 a4 34.
c4+ Kd6 35. Bf4+ Kd7 36. cxb5 axb3 37. axb3 Ra5 38. Kc4 Ra1 39. g5 Rf1 40. Be5 Rg1 41. Bf6 Kd6 42. Kd3 Kd5 43. Ke3 b6 44. Kf2 Rg4 45. Ke2 Rg2+ 46. Kf3 Rg1 47. Kf2 Rg4 48. Ke3 Rg3+ 49. Kf4 Rg1 50. Bd8 Rf1+ 51. Ke3 Rg1 52. Kf3 Rf1+ 53. Kg2 Rf5 54. Bf6 Ke6 55. Kg3 Kf7 56. Bd8 Rxb5 57. Kf4 Rxb3 58. Ke5 b5 59. d5 Rd3 60. Kd6 b4 61. Bf6 b3 62. Kc6 Rd2 63. d6 b2 64. Bxb2 Rxb2 65. d7 Ke7 66. g6 hxg6 67.
h7 Rb8 68. Kc7 Rd8 0-1

[Event "GrandPrix_29.05"]
[Site "Chess.com"]
[Date "2020.05.29"]
[Round "3"]
[White "abraham1982"]
[Black "Bulldog167"]
[Result "0-1"]
[WhiteElo "2255"]
[BlackElo "2600"]
[TimeControl "600+2"]
[EndTime "10:29:48 PDT"]
[Termination "Bulldog167 won on time"]

1. e4 c5 2. Nf3 e6 3. c3 Nf6 4. e5 Nd5 5. Bc4 Nb6 6. Bb3 Nc6 7. O-O d5 8. exd6 Bxd6 9. d4 O-O 10. Qd3 cxd4 11.
cxd4 Be7 12. a3 Bf6 13. Rd1 e5 14. d5 Nd4 15. Nxd4 exd4 16. Qf3 Qd7 17. Nd2 Qg4 18. Ne4 Be5 19. Bg5 f6 20. Bd2 a5 21. Qxg4 Bxg4 22. f3 Bh5 23. Nc5 a4 24. Ba2 Bf7 25. f4 Bb8 26.
Ne6 Rc8 27. Rac1 Bd6 28. Kf1 Bh5 29. Re1 d3 30. Nd4 Bf7 31. Nb5 Bf8 32. Nc7 Rab8 33. Be3 Rd8 34. Ne6 Rd6 35. Nxf8 Nxd5 36. Bc5 Rdd8 37.
Rcd1 Nxf4 38. Bxf7+ Kxf7 39. Re7+ Kxf8 40. Re4+ Kf7 41.
Rxf4 Rbc8 42. Bb4 Rc2 43. Bc3 Re8 44. Rxd3 Rc1+ 45. Kf2 Rc2+ 46. Rd2 Rxd2+ 47. Bxd2 b5 48. Rf5 Rb8 49. Ke2 Ke6 50. Rc5 Rb7 51. Kd3 g5 52.
Kc3 h5 53. Kb4 Rd7 54. Bc3 Rd1 55. Rc6+ Kf5 56. Rxf6+ Kg4 57. Kxb5 Rg1 58. Rf2 h4 59. h3+ Kg3 60. Bd4 Rxg2 61. Rxg2+ Kxg2 62. Kxa4 Kxh3 63. b4 Kg2 64. b5 h3 65. Be5 h2 66. Bxh2 Kxh2 67. b6 g4 68. b7 g3 69. b8=Q Kh1 70.
Qh8+ Kg1 0-1

[Event "GrandPrix_29.05"]
[Site "Chess.com"]
[Date "2020.05.29"]
[Round "3"]
[White "SergeyVashchilov"]
[Black "Lion_DL"]
[Result "0-1"]
[WhiteElo "2074"]
[BlackElo "2123"]
[TimeControl "600+2"]
[EndTime "10:29:51 PDT"]
[Termination "Lion_DL won by resignation"]

1. e4 Nc6 2. Nc3 Nf6 3. Nf3 d5 4. exd5 Nxd5 5. Bc4 e6 6. O-O Be7 7. d4 Nxc3 8. bxc3 O-O 9. a4 b6 10. Qe2 Bb7 11. Bf4 h6 12. Rfe1 Bd6 13. Bg3 Bxg3 14.
hxg3 Qf6 15. Ba6 Bxa6 16. Qxa6 Qf5 17. Re2 Qa5 18. Qc4 Qd5 19. Qxd5 exd5 20. Rd1 Rfe8 21. Rde1 Kf8 22. Ne5 Nxe5 23. dxe5 h5 24. f4 Rad8 25.
f5 d4 26. cxd4 Rxd4 27. Re4 Red8 28. c4 c5 29. Kh2 Rxe4 30. Rxe4 Rd1 31. g4 hxg4 32.
Kg3 Ra1 33. Kxg4 Rxa4 34. Kf4 a6 35. e6 fxe6 36. Rxe6 Rxc4+ 37. Kg5 Rb4 38. Rc6 a5 39. Rc8+ Kf7 40. Rc7+ Kf8 41. Rc8+ Kf7 42. Rc7+ Kg8 43. Rc8+ Kh7 44. Rc7 Rb2 45. g4 Rf2 46. Rb7 a4 47.
Rxb6 a3 48. Ra6 a2 49. Ra7 c4 50. f6 Rxf6 51. Rxa2 c3 52. Rc2 Rc6 53. Kh5 Rc5+ 54.
g5 g6+ 55. Kg4 Kg7 56. Kf4 Kf7 57. Ke4 Ke6 58. Kd4 Rc8 59. Ke4 Rc7 60. Kf4 Kd5 61.
Ke3 Ke5 62. Kd3 Kf5 63. Rf2+ Kxg5 64. Kc2 Rc6 65. Rg2+ Kf4 66. Rf2+ Kg3 67. Rf1 g5 68.
Rg1+ Kf4 69. Rf1+ Kg4 70. Rg1+ Kf5 71. Rf1+ Kg6 72. Rg1 Rc5 73. Rg2 Kf5 74. Rf2+ Ke4 75. Rg2 Kf3 76. Rg1 g4 77. Rf1+ Ke2 78. Rf8 g3 79.
Re8+ Kf1 80. Rf8+ Kg1 81. Rg8 g2 82. Rg3 Kf2 0-1

[Event "GrandPrix_29.05"]
[Site "Chess.com"]
[Date "2020.05.29"]
[Round "3"]
[White "Ave_Mariia"]
[Black "farhadtahirov"]
[Result "1-0"]
[WhiteElo "2188"]
[BlackElo "1901"]
[TimeControl "600+2"]
[EndTime "10:29:52 PDT"]
[Termination "Ave_Mariia won by resignation"]

1. c4 Nf6 2. Nc3 c5 3. g3 g6 4. Bg2 Bg7 5. Nf3 O-O 6. O-O d6 7. a3 Na6 8. Rb1 Bf5 9. d3 Qd7 10. Bd2 Bh3 11. b4 Bxg2 12. Kxg2 cxb4 13. axb4 d5 14.
b5 Nc5 15. d4 Nce4 16. Ne5 Qf5 17. f3 Nxc3 18. Bxc3 dxc4 19. e4 Qc8 20. Bb4 Nd7 21.
f4 Nxe5 22. fxe5 Qd7 23. Bc3 f6 24. Qe2 fxe5 25. Qxc4+ Kh8 26. dxe5 Rfc8 27. Qd4 Qe6 28. Rbd1 h5 29. Rd3 Kh7 30. Qd5 Qg4 31. Rdf3 Rd8 32. Qf7 Qxe4 33. e6 Rg8 34. Qxe7 Rae8 35. Qg5 Bxc3 36. Kh3 Qg4+ 37. Qxg4 hxg4+ 38. Kxg4 Rxe6 39. Rxc3 Rg7 40. Rf8 g5 41. Rcc8 Kg6 42. Ra8 Re4+ 43. Kf3 Rb4 44. Rxa7 Rxb5 45. Raa8 Rb3+ 46. Kg2 Rb2+ 47.
Rf2 Rxf2+ 48. Kxf2 Rh7 49. Kg2 Kf5 50. Rb8 Ke4 51.
Rg8 Kf5 52. Rf8+ Ke5 53. Rg8 Kd4 54. Rxg5 Kc4 55. h4 b5 56. Rg8 b4 57. Rc8+ Kd3 58.
Rb8 Kc3 59. Kh3 b3 60. g4 b2 61. g5 Kc2 62. Kg4 b1=Q 63. Rxb1 Kxb1 64. g6 Ra7 65. h5 Kc2 66. h6 Ra6 67. Kg5 Ra5+ 68. Kf6 Ra6+ 69.
Kg7 Ra7+ 70. Kh8 Ra8+ 71. Kh7 Kd3 72. g7 Ra7 73. Kh8 Ra8+ 74. g8=Q Rxg8+ 75. Kxg8 1-0

[Event "GrandPrix_29.05"]
[Site "Chess.com"]
[Date "2020.05.29"]
[Round "3"]
[White "Borisss85"]
[Black "AmilAbbasov"]
[Result "0-1"]
[WhiteElo "1933"]
[BlackElo "2236"]
[TimeControl "600+2"]
[EndTime "10:30:00 PDT"]
[Termination "AmilAbbasov won on time"]

1. e4 c5 2. Nf3 Nc6 3. d4 cxd4 4. Nxd4 g6 5. c4 Bg7 6. Nc2 Nf6 7. Nc3 O-O 8. Be2 d6 9. O-O Be6 10. Be3 Na5 11. b3 a6 12. Nd4 Bd7 13. f4 Nc6 14. Bf3 Nxd4 15. Bxd4 Bc6 16. a4 Nd7 17. a5 e5 18. fxe5 Nxe5 19. Nd5 Bxd5 20. exd5 Qf6 21. Kh1 Qh4 22. Bf2 Qg5 23. Rb1 Rac8 24. Bg3 f5 25.
Qe1 Nxf3 26. Rxf3 Rfe8 27. Qb4 Be5 28. Bxe5 dxe5 29. d6 Rcd8 30. c5 Rd7 31. Qc4+ Kg7 32. Qa4 Qd8 33. Re1 Qc8 34. b4 e4 35. Qa1+ Kg8 36. Rf4 Rf7 37. g4 e3 38. Qd4 e2 39.
Kg1 Qe6 40. gxf5 Rxf5 41. Rxf5 gxf5 42. Kf2 Kf7 43. Qd3 Qe5 44. Rxe2 Qxh2+ 45. Ke1 Qxe2+ 46. Qxe2 Rxe2+ 47. Kxe2 Ke6 48. Kf3 h5 49. Kg3 Kd7 50.
Kf3 h4 51. Kf4 Kc6 52. Kxf5 h3 53. Ke6 h2 54. d7 h1=Q 55. d8=Q Qe4+ 56. Kf7 Qxb4 57.
Qd6+ Kb5 58. Qb6+ Ka4 59. c6 Qc4+ 60. Ke7 Qxc6 61. Qb1 Kxa5 62. Qe1+ Kb6 63. Qb1+ Qb5 64. Qa1 Qb4+ 65. Kd7 Qb5+ 66. Kd6 Qc5+ 67. Ke6 a5 68. Qb1+ Qb4 69. Qg1+ Kb5 70. Qg5+ Qc5 71. Qd2 a4 72. Qb2+ Qb4 73. Qe5+ Ka6 0-1

[Event "GrandPrix_29.05"]
[Site "Chess.com"]
[Date "2020.05.29"]
[Round "3"]
[White "SuperFineHipster"]
[Black "AliKa2810"]
[Result "1-0"]
[WhiteElo "2132"]
[BlackElo "2096"]
[TimeControl "600+2"]
[EndTime "10:30:08 PDT"]
[Termination "SuperFineHipster won on time"]

1. Nf3 Nf6 2. d4 g6 3. c4 Bg7 4.
Nc3 O-O 5. e4 d6 6. Be2 e5 7. d5 a5 8. Bg5 Na6 9. Nd2 Nc5 10. O-O h6 11. Be3 Ne8 12. a3 f5 13.
f3 f4 14. Bf2 h5 15. b4 Na6 16. c5 g5 17. Nc4 Rf7 18. Nxa5 Nxc5 19. Nc6 bxc6 20.
bxc5 cxd5 21. Qxd5 Ba6 22. Nb5 Nf6 23. Qd1 d5 24. exd5 Nxd5 25. c6 Kh8 26. a4 e4 27.
fxe4 Nc3 28. Qxd8+ Rxd8 29. Nxc3 Bxe2 30. Nxe2 Bxa1 31. Rxa1 Re7 32. Nc3 Re6 33. Nd5 Rxc6 34. a5 Ra8 35. e5 Rxa5 36. Rxa5 Rc1+ 37. Be1 Rxe1+ 38. Kf2 Rxe5 39. Ra8+ Kg7 40. Nxc7 Re7 41. Ne8+ Kf7 42. Nd6+ Ke6 43. Ne4 Kf5 44. Nd2 g4 45.
Ra5+ Kg6 46. h4 Rb7 47. Rg5+ Kh6 48. Rf5 Rb2 49. Ke2 Rb4 50. Kd3 Kg6 51. Rg5+ Kh6 52. Rg8 Kh7 53. Re8 Rb6 54. Re4 Rd6+ 55. Ke2 Rf6 56.
Re7+ Kg6 57. Ne4 Ra6 58. Ng5 Ra2+ 59. Kf1 Ra1+ 60. Re1 Ra2 61. Ne6 Kf5 62. Nd4+ Kg6 63. Re6+ Kg7 64. Re4 Ra1+ 65. Kf2 Ra2+ 66. Ne2 f3 67.
gxf3 gxf3 68. Kxf3 Ra3+ 69. Re3 Ra4 70. Nf4 Kh6 71.
Re6+ Kh7 72. Re5 Ra3+ 73. Ke4 Ra4+ 74. Kf5 Kh6 75. Re6+ Kh7 76. Rd6 Rb4 77. Kg5 Rb5+ 78. Rd5 Rb4 79. Nxh5 Ra4 80. Nf6+ Kg7 81. Rd7+ Kf8 82.
Kg6 1-0

[Event "GrandPrix_29.05"]
[Site "Chess.com"]
[Date "2020.05.29"]
[Round "3"]
[White "Vesper2018"]
[Black "Petriashvili02"]
[Result "0-1"]
[WhiteElo "1777"]
[BlackElo "2201"]
[TimeControl "600+2"]
[EndTime "10:30:12 PDT"]
[Termination "Petriashvili02 won by resignation"]

1. e4 c6 2. d4 d5 3. e5 Bf5 4.
Nf3 e6 5. Be2 Nh6 6. O-O Be7 7.
Nbd2 Bg6 8. c3 O-O 9. Nb3 Nd7 10. a4 c5 11. dxc5 Nxc5 12. Nxc5 Bxc5 13. Bxh6 gxh6 14. Nd4 Qb6 15. Qd2 Bxd4 16. cxd4 Rfc8 17. Rfc1 a5 18.
Bb5 Kg7 19. Rc3 Qd8 20. Rac1 b6 21. Qf4 Rxc3 22. Rxc3 Qe7 23. h4 h5 24. Kh2 Rf8 25.
Rc6 Qb4 26. Rxb6 Qxb2 27. Rc6 Qb1 28. Rc7 Kg8 29. Qd2 Qe4 30. g3 Qg4 31. Be2 Qe4 32.
f3 Qb1 33. Bb5 Bf5 34. Qg5+ Bg6 35. Qd2 Ra8 36. g4 hxg4 37. fxg4 h6 38. Rc1 Qb4 39. Qf2 Qa3 40. Qd2 Qf3 41. g5 Qg4 42. Qf2 hxg5 43.
hxg5 Bf5 44. Qg3 Qh5+ 45. Kg1 Kg7 46. Kf2 Rh8 47. Rg1 Be4 48. Qf4 Qh2+ 49. Qxh2 Rxh2+ 50. Ke3 Rh3+ 51. Kd2 Rb3 52. Rf1 Rb4 53. Kc3 Bf5 54. Rg1 Kg6 55. Rg2 Be4 56. Rf2 Bf5 57. Rg2 Rb1 58. Rg3 Rc1+ 59. Kb2 Rc2+ 60. Kb3 Rd2 61. Kc3 Rf2 62. Be8 Rc2+ 63. Kb3 Rc8 64. Bb5 Bc2+ 65. Kb2 Be4 66. Kb3 Rh8 67. Be2 Rh4 68. Bb5 Bf5 69. Kc3 Rh5 70. Be8 Rh1 71.
Bd7 Rc1+ 72. Kb2 Rc4 73. Rc3 Rxd4 74. Rc5 Re4 75. Rxa5 Rxe5 76. Ra8 d4 77. a5 d3 78.
Kc3 Rc5+ 79. Kd2 Rc2+ 80. Ke3 Re2+ 81. Kf3 Be4+ 0-1

[Event "GrandPrix_29.05"]
[Site "Chess.com"]
[Date "2020.05.29"]
[Round "3"]
[White "GadimbayliA"]
[Black "Tesla37"]
[Result "0-1"]
[WhiteElo "2523"]
[BlackElo "2806"]
[TimeControl "600+2"]
[EndTime "10:30:16 PDT"]
[Termination "Tesla37 won by resignation"]

1. e4 Nf6 2. e5 Nd5 3. d4 d6 4.
Nf3 dxe5 5. Nxe5 c6 6. c3 Nd7 7. Nxd7 Bxd7 8. Bd3 g6 9. O-O Bg7 10. Nd2 O-O 11. Nf3 Bg4 12. h3 Bxf3 13. Qxf3 e6 14.
Bd2 Qb6 15. Rab1 Rad8 16. Rfd1 Rd7 17. Bc4 h6 18. Qg4 Rfd8 19. Qh4 Ne7 20. Bb3 Nf5 21.
Qg4 c5 22. dxc5 Qxc5 23. Be1 h5 24. Qf3 Be5 25. Rxd7 Rxd7 26. Bc2 Ne7 27. Rd1 Rxd1 28. Bxd1 Nd5 29. Bb3 b5 30. Bd2 Kg7 31. Bxd5 exd5 32. Qd3 a6 33. Be3 Qc4 34. Qxc4 dxc4 35. Kf1 Kf6 36. Ke2 Ke6 37. g4 f5 38. f3 Kd5 39.
gxh5 gxh5 40. a3 Bd6 41. Kf1 Bc7 42. Ke2 a5 43. Kd1 Ke5 44. Ke2 Kd5 45. Kd1 Kc6 46. Ke2 Be5 47. Kd1 b4 48. axb4 axb4 49. Kc2 b3+ 50. Kd1 Kd5 51. Kd2 Bd6 52. Kd1 Bc7 53. Kd2 Ke5 54. Ke2 Bd6 55. Kd2 Ke6 56. Kd1 Be5 57.
Kd2 Kd5 58. Kd1 Bf6 59. Kd2 Bh4 60. Ke2 Bg3 61. Kd2 Ke6 62. Ke2 f4 63. Bd4 Kf5 64. Bc5 Bh4 65. Bd4 Be7 66. Bf2 Ba3 67. Kd2 Bxb2 68. Bc5 Ke5 69. Bb4 Kd5 70. Be7 Ba1 71.
Bb4 Bb2 72. Be7 Ke6 73. Bb4 Kf6 74. Kd1 Kg5 75. Be7+ Kf5 76. Bb4 Ke5 77. Kd2 Ke6 78. Kd1 Kd5 79. Kd2 Kc6 80. Be7 Kb5 81. Bd6 Ka4 82.
Bxf4 Ka3 83. Be5 Ka2 84. f4 Ba3 0-1

[Event "GrandPrix_29.05"]
[Site "Chess.com"]
[Date "2020.05.29"]
[Round "3"]
[White "temus_galaktionov"]
[Black "DanielDardha2005"]
[Result "1-0"]
[WhiteElo "2305"]
[BlackElo "2208"]
[TimeControl "600+2"]
[EndTime "10:30:25 PDT"]
[Termination "temus_galaktionov won by resignation"]

1. d4 Nf6 2. Nf3 e6 3. c4 Bb4+ 4. Nbd2 d5 5. a3 Be7 6. e3 O-O 7. b4 b6 8. c5 a5 9. Bb2 c6 10. Bd3 Ba6 11. Bxa6 Nxa6 12. Bc3 Nd7 13. O-O Nc7 14.
Qc2 Nb5 15. Bb2 axb4 16. axb4 Qc7 17. e4 dxe4 18. Nxe4 Nf6 19. Ne5 Qb7 20. cxb6 Rxa1 21. Rxa1 Rc8 22. Nc5 Qxb6 23. Ra6 Qd8 24. Nxc6 Qe8 25.
Nxe7+ Qxe7 26. h3 Nd5 27. Qa4 Rb8 28. Ra8 Qe8 29. Rxb8 Qxb8 30. Qa5 Nbc7 31. Ba3 h5 32. Nd7 Qd8 33. Nb6 Nc3 34. Bb2 Ne2+ 35. Kf1 Nxd4 36. Qxh5 Nf5 37. Qe2 Qd6 38. Nc4 Qxb4 39. g3 Nd5 40.
Kg1 Qc5 41. Kh2 Qc6 42. Ne5 Qb7 43. Nf3 Qb6 44. Kg2 f6 45. Ba3 Qc6 46. Kh2 e5 47. Qe4 Qe6 48. g4 Nd6 49. Bxd6 Qxd6 50. Nh4 Nf4 51. Ng2 Ne6 52. Qa8+ Kh7 53. Qe4+ g6 54. h4 Qd4 55. Qxd4 exd4 56. Kg3 Kh6 57. Ne1 Nc5 58. Kf4 g5+ 59. hxg5+ fxg5+ 60. Kf3 Kg6 61. Ke2 Kf6 62. Nf3 d3+ 63. Ke3 Kg6 64. Ne5+ Kf6 65.
Nxd3 Ne6 66. Ke4 Nc7 67. Ne5 Ke6 68. Nf3 Kf6 69. Nd4 Ne8 70. Kd5 Nc7+ 71. Kd6 Ne8+ 72.
Kd7 Kf7 73. f3 Ng7 74. Kd6 Ne8+ 75. Ke5 Kg6 76. Ne6 Kh6 77. Kf5 Nd6+ 78. Kf6 Nb5 79.
Nxg5 Nd4 80. Nf7+ Kh7 81. f4 Nb5 82. g5 Nc7 83. g6+ Kg8 84. Nh6+ 1-0

[Event "GrandPrix_29.05"]
[Site "Chess.com"]
[Date "2020.05.29"]
[Round "3"]
[White "Tyoma88888"]
[Black "Sam_ChessMood"]
[Result "1/2-1/2"]
[WhiteElo "2225"]
[BlackElo "2374"]
[TimeControl "600+2"]
[EndTime "10:30:42 PDT"]
[Termination "Game drawn by repetition"]

1. e4 c6 2. d4 d5 3. exd5 cxd5 4. Bd3 Nf6 5. c3 Bg4 6. Qb3 Qc7 7. Ne2 Bxe2 8. Bxe2 Nc6 9. O-O e6 10. Bg5 Bd6 11. h3 O-O 12. Nd2 Bh2+ 13. Kh1 Bf4 14. Bxf4 Qxf4 15. Nf3 Rab8 16. Ne1 Ne4 17. Nd3 Qd6 18. Qd1 b5 19. Bf3 Nf6 20. a3 a5 21.
b4 Qc7 22. Re1 Ne7 23. Nc5 Ra8 24. Qd3 Rfb8 25. Qe2 Nc8 26. g4 Nd6 27. Kg2 Ra7 28. h4 Rba8 29. g5 Nfe4 30. Bxe4 dxe4 31. Nxe4 axb4 32. Nxd6 Qxd6 33. cxb4 Qxd4 34. Qe4 Qd8 35. Re3 Rd7 36. Qf3 Rd4 37. Re4 Rd3 38. Re3 Rxe3 39. Qxe3 Rc8 40. Rc1 Qd5+ 41. f3 Rxc1 42. Qxc1 f6 43.
gxf6 gxf6 44. Qc8+ Kg7 45. Qc7+ Kg6 46. Qc2+ f5 47.
Qc8 Qd2+ 48. Kg1 Qe3+ 49. Kg2 Qe2+ 50. Kg1 Qe1+ 51. Kg2 Qe2+ 52. Kg1 Qxf3 53. Qh8 Qg3+ 54. Kf1 Qf4+ 55. Kg2 Qg4+ 56. Kf1 Qd1+ 57. Kg2 Qd2+ 58. Kg1 Qe1+ 59. Kg2 Qe4+ 60. Kg1 f4 61. Qe8+ Kf6 62. Qh8+ Kf7 63. Qd8 Qe3+ 64. Kf1 Qf3+ 65. Kg1 Qg4+ 66. Kf1 Qh3+ 67. Kg1 Qe3+ 68. Kf1 Qf3+ 69. Kg1 Qd5 70. Qc7+ Kg6 71. Qxf4 Qd1+ 72. Kg2 Qc2+ 73. Kg1 Qd3 74. Qg4+ Kf6 75. Qf4+ Ke7 76. Qc7+ Kf6 77. Qf4+ Qf5 78.
Qd4+ Qe5 79. Qf2+ Ke7 80. Qa7+ Kf6 81. Qxh7 Qg3+ 82. Kf1 Qf3+ 83. Ke1 Qe3+ 84. Kf1 Qf3+ 85. Kg1 Qg3+ 86. Kf1 Qf3+ 1/2-1/2